 Dungeon Crawl Stone Soup version 0.27-a0-1502-g47ed6a6988 (webtiles) character file.

Game seed: 5953956231225070622

1755 funkygono the Magician (level 9, -9/65 HPs)
             Began as a Gnoll Fire Elementalist on July 9, 2021.
             Was a Follower of Okawaru.
             Mangled by Edmund (12 damage)
             ... on level 6 of the Dungeon.
             The game lasted 00:14:28 (6942 turns).

funkygono the Magician (Gnoll Fire Elementalist)    Turns: 6942, Time: 00:14:29

Health: -9/65      AC:  3    Str: 12    XL:     9   Next: 6%
Magic:  3/18       EV: 13    Int: 20    God:    Okawaru [*.....]
Gold:   305        SH:  0    Dex: 12    Spells: 11/20 levels left

rFire    . . .     SeeInvis .   F - +6 scimitar
rCold    . . .     Faith    .   (no shield)
rNeg     . . .     Spirit   .   s - +0 leather armour
rPois    .         Reflect  .   (no helmet)
rElec    .         Harm     .   (no cloak)
rCorr    .         Rampage  .   (no gloves)
Will     .....                  (no boots)
Stlth    +++.......             r - amulet of the acrobat
HPRegen  0.20/turn              h - +6 ring of intelligence
MPRegen  0.16/turn              (no ring)

@: mesmerised
A: fangs 1, strong nose, distributed training
a: Renounce Religion, Heroism


You were on level 6 of the Dungeon.
You worshipped Okawaru.
Okawaru was aware of your devotion.
You visited 2 branches of the dungeon, and saw 7 of its levels.

You collected 305 gold pieces.

Inventory:

Hand Weapons
 e - a +0 falchion
 p - a +0 flail of protection
 w - a +2 flail of protection
 E - a +0 shortbow
 F - a +6 scimitar (weapon)
Missiles
 f - 91 arrows
 k - 103 stones
 y - 4 boomerangs of dispersal
 A - 16 poisoned darts
Armour
 a - a +1 robe
 i - a +0 ring mail
 q - a +0 scale mail
 s - a +0 leather armour (worn)
Jewellery
 h - a +6 ring of intelligence (left hand)
 r - an amulet of the acrobat (around neck)
Wands
 z - a wand of flame (7)
 B - a wand of paralysis (6)
Scrolls
 b - a scroll of amnesia
 g - a scroll of enchant armour
 t - a scroll of summoning
 u - 2 scrolls of blinking
 x - 2 scrolls of identify
 D - a scroll of immolation
Potions
 c - 2 potions of curing
 d - a potion of haste {unknown}
 l - a potion of flight {unknown}
 m - 2 potions of berserk rage
 n - a potion of magic {unknown}
 o - a potion of resistance {unknown}
 v - a potion of attraction {unknown}
 C - a potion of lignification {unknown}


   Skills:
 + Level 3.8 Fighting
 + Level 3.8 Short Blades
 + Level 3.8 Long Blades
 + Level 3.8 Axes
 + Level 3.8 Maces & Flails
 + Level 3.8 Polearms
 + Level 3.8 Staves
 + Level 3.8 Slings
 + Level 3.8 Bows
 + Level 3.8 Crossbows
 + Level 3.8 Throwing
 + Level 3.8 Armour
 + Level 6.0 Dodging
 + Level 5.7 Stealth
 + Level 3.8 Shields
 + Level 3.8 Unarmed Combat
 + Level 6.4 Spellcasting
 + Level 3.9 Conjurations
 + Level 3.1 Hexes
 + Level 3.1 Summonings
 + Level 3.1 Necromancy
 + Level 3.1 Translocations
 + Level 3.1 Transmutations
 + Level 6.3 Fire Magic
 + Level 3.1 Ice Magic
 + Level 3.1 Air Magic
 + Level 3.1 Earth Magic
 + Level 3.1 Poison Magic
 + Level 4.2 Invocations
 + Level 3.8 Evocations


You had 11 spell levels left.
You knew the following spells:

 Your Spells              Type           Power      Damage    Failure   Level
a - Foxfire               Conj/Fire      100%       2x1d9     1%          1
b - Freeze                Ice            76%        1d9       3%          1
c - Sticky Flame          Conj/Fire      27%        2d5       16%         4
d - Frozen Ramparts       Ice            38%        1d5       11%         3

Your spell library contained the following spells:

 Spells                   Type           Power      Damage    Failure   Level
 Conjure Flame            Conj/Fire      27%        6-21      4%          3
 Blink                    Tloc           N/A        N/A       5%          2
 Slow                     Hex            19%        N/A       5%          2
 Sublimation of Blood     Necr           9%         N/A       5%          2
 Wereblood                Tmut           19%        N/A       5%          2
 Inner Flame              Hex/Fire       25%        N/A       5%          3
 Ignite Poison            Fire/Tmut/Pois 23%        N/A       7%          3
 Confusing Touch          Hex            19%        N/A       11%         3
 Gell's Gravitas          Tloc           9%         N/A       11%         3
 Teleport Other           Tloc           19%        N/A       11%         3
 Vampiric Draining        Necr           9%         2d7       11%         3
 Hailstorm                Conj/Ice       20%        3d6       30%         4
 Fireball                 Conj/Fire      13%        3d7       38%         5
 Manifold Assault         Tloc           19%        N/A       67%         5
 Dispersal                Tloc           9%         N/A       99%         6
 Storm Form               Tmut/Air       9%         N/A       100%        7
 Summon Hydra             Summ           9%         N/A       100%        7


Dungeon Overview and Level Annotations

Branches:
Dungeon (6/15)             Temple (1/1) D:4

Altars:
Ashenzari
Cheibriados
Dithmenos
Elyvilon
Fedhas
Gozag
Hepliaklqana
Kikubaaqudgha
Makhleb
Nemelex Xobeh
Okawaru
Qazlal
Ru
Sif Muna
Trog
Uskayaw
Xom
Yredelemnul
Zin
The Shining One

Shops:
D:1 [[[   D:4 *

Annotations:
D:5 3 runed translucent doors, ma3's ghost, weakling HuDe
D:6 Edmund; Maggie


Innate Abilities, Weirdness & Mutations

You have very sharp teeth.
Your uncanny sense of smell can sniff out nearby items.
Your experience applies equally to all skills.


Message History

Casting: Foxfire (safe; 1% risk of failure)
Confirm with . or Enter, or press ? or * to list all spells.
You conjure some foxfire!
The foxfire hits Maggie.
Maggie is moderately wounded.
The foxfire hits Maggie.
Maggie is moderately wounded.
Unknown command.
Casting: Foxfire (safe; 1% risk of failure)
Confirm with . or Enter, or press ? or * to list all spells.
You conjure some foxfire!
The foxfire hits Maggie!
Maggie is heavily wounded.
The foxfire hits Maggie but does no damage.
Maggie is heavily wounded.
Maggie barely misses you.
You riposte.
You hit Maggie.
Maggie is heavily wounded.
The foxfire hits Edmund but does no damage.
Edmund is moderately wounded.
You hit Maggie.
Maggie is heavily wounded.
The foxfire hits Maggie.
Maggie is heavily wounded.
Maggie misses you.
Unknown command.
You barely miss Maggie.
Maggie is heavily wounded.
Maggie casts a spell at you. The bolt of fire hits you!!
Edmund hits you with a +3 flail of holy wrath!
You barely miss Maggie.
Maggie is heavily wounded.
Maggie hits you with a +2 vorpal morningstar!!
* * * LOW HITPOINT WARNING * * *
x2 Edmund barely misses you.
You riposte.
You slash Edmund!
Edmund is heavily wounded.
Unknown command.
You feel much better.
Maggie hits you with a +2 vorpal morningstar!
* * * LOW HITPOINT WARNING * * *
x2 Edmund hits you with a +3 flail of holy wrath!
You die...

#.........#..[..##
#...
#................#
#...
#..>.....).......#
#...
####..##...........
.(..
##.............##..#.
#...
#........>......[..#
#...
#................#...
#...
#...................
....
#.........@@.....#.
....
##.........@†....#
....
##..............#
##.. ####.##......!.#
#.. #.. #.##.#.#..
#.. #.# #.. ...... #
#. #.[... .. .....


You could see Maggie (mesmerising) and Edmund.

Vanquished Creatures
  Grinder (D:4)
  Sigmund (D:6)
  Duvessa (D:5)
  A black bear (D:4)
  A centaur (D:5)
  A phantom (D:5)
  A bullfrog (D:6)
  Blork the orc (D:4)
  Dowan (D:5)
  A scorpion (D:4)
  5 wights (D:6)
  A jelly (D:6)
  A bullfrog zombie (D:5)
  A bullfrog skeleton (D:5)
  2 hounds
  A gnoll shaman (D:4)
  3 orc priests
  Ijyb (D:5)
  An iguana (D:5)
  2 orc wizards
  2 hound skeletons
  4 gnolls (D:4)
  6 adders
  A shadow imp (D:6)
  An adder skeleton (D:4)
  A worm (D:3)
  5 dart slugs
  24 orcs
  2 bats
  6 endoplasms
  2 giant cockroaches
  9 goblins
  6 hobgoblins
  8 jackals
  3 quokkas
  8 ball pythons
  5 frilled lizards
  6 kobolds
  7 rats
134 creatures vanquished.

Vanquished Creatures (collateral kills)
  A foxfire (D:6)
1 creature vanquished.

Vanquished Creatures (others)
  571 foxfires
571 creatures vanquished.

Grand Total: 706 creatures vanquished

Notes
Turn   | Place    | Note
-------+----------+-------------------------------------------
     0 | D:1      | funkygono the Gnoll Fire Elementalist began the quest for
                  | the Orb.
     0 | D:1      | Reached XP level 1. HP: 13/13 MP: 6/6
    10 | D:1      | Found Uxuk's Antique Armour Shop.
   333 | D:1      | Reached XP level 2. HP: 19/19 MP: 4/7
   502 | D:1      | Found Dezuzagg's Antique Armour Shoppe.
   807 | D:1      | Found Jinkuwud's Armour Shoppe.
  1160 | D:2      | Reached skill level 5 in Spellcasting
  1160 | D:2      | Reached XP level 3. HP: 25/25 MP: 3/9
  1167 | D:2      | Reached skill level 1 in Invocations
  1311 | D:2      | Reached skill level 1 in Fighting
  1311 | D:2      | Reached skill level 1 in Short Blades
  1311 | D:2      | Reached skill level 1 in Long Blades
  1311 | D:2      | Reached skill level 1 in Axes
  1311 | D:2      | Reached skill level 1 in Maces & Flails
  1311 | D:2      | Reached skill level 1 in Polearms
  1311 | D:2      | Reached skill level 1 in Staves
  1311 | D:2      | Reached skill level 1 in Slings
  1311 | D:2      | Reached skill level 1 in Bows
  1311 | D:2      | Reached skill level 1 in Crossbows
  1311 | D:2      | Reached skill level 1 in Throwing
  1311 | D:2      | Reached skill level 1 in Armour
  1311 | D:2      | Reached skill level 1 in Shields
  1311 | D:2      | Reached skill level 1 in Unarmed Combat
  1311 | D:2      | Reached skill level 1 in Evocations
  1360 | D:2      | Found a broken altar of Ashenzari.
  1477 | D:2      | Reached XP level 4. HP: 32/32 MP: 7/11
  2544 | D:3      | Learned a level 1 spell: Freeze
  2549 | D:3      | Learned a level 4 spell: Sticky Flame
  2553 | D:3      | Learned a level 3 spell: Frozen Ramparts
  2562 | D:3      | Reached skill level 1 in Hexes
  2562 | D:3      | Reached skill level 1 in Summonings
  2562 | D:3      | Reached skill level 1 in Necromancy
  2562 | D:3      | Reached skill level 1 in Translocations
  2562 | D:3      | Reached skill level 1 in Transmutations
  2562 | D:3      | Reached skill level 1 in Ice Magic
  2562 | D:3      | Reached skill level 1 in Air Magic
  2562 | D:3      | Reached skill level 1 in Earth Magic
  2562 | D:3      | Reached skill level 1 in Poison Magic
  3107 | D:3      | Found a blossoming altar of Fedhas.
  3177 | D:3      | Reached XP level 5. HP: 37/37 MP: 8/12
  3756 | D:4      | Reached XP level 6. HP: 44/44 MP: 10/13
  3798 | D:4      | Noticed Grinder
  3805 | D:4      | Killed Grinder
  3806 | D:4      | Reached skill level 5 in Dodging
  3934 | D:4      | Found Urary's Lightly-Used Armoury.
  3945 | D:4      | Reached XP level 7. HP: 34/50 MP: 8/15
  4192 | D:4      | Found a staircase to the Ecumenical Temple.
  4201 | Temple   | Entered the Ecumenical Temple
  4377 | Temple   | Became a worshipper of Warmaster Okawaru
  4399 | D:4      | Noticed Blork the orc
  4405 | D:4      | Killed Blork the orc
  4790 | D:5      | Entered Level 5 of the Dungeon
  4797 | D:5      | Reached skill level 5 in Stealth
  5011 | D:5      | Noticed Duvessa
  5016 | D:5      | Noticed Dowan
  5286 | D:5      | Killed Duvessa
  5287 | D:5      | Reached XP level 8. HP: 10/57 MP: 4/16
  5547 | D:5      | Killed Dowan
  5616 | D:5      | Found a snail-covered altar of Cheibriados.
  5656 | D:5      | Noticed Ijyb
  5657 | D:5      | Paralysed by Ijyb for 3 turns
  5667 | D:5      | Killed Ijyb
  5954 | D:5      | Reached * piety under Okawaru
  6272 | D:5      | Found a runed translucent gate.
  6272 | D:5      | Found a runed translucent gate.
  6272 | D:5      | Found a runed translucent gate.
  6272 | D:5      | Found an opulent altar of Gozag.
  6273 | D:5      | Noticed a two-headed ogre
  6275 | D:5      | Noticed ma3's ghost (weakling HuDe)
  6618 | D:6      | Noticed Sigmund
  6625 | D:6      | Killed Sigmund
  6812 | D:6      | Reached XP level 9. HP: 60/65 MP: 4/18
  6927 | D:6      | Noticed Maggie
  6929 | D:6      | Noticed Edmund
  6942 | D:6      | HP: 3/65 [Maggie (3)]
  6942 | D:6      | Mangled by Edmund

Illustrated notes

Levels and vault maps discovered:
D:1:      lemuel_arrival_river_bridge, layout_basic, serial_shops, shop,
          nicolae_diamond_shop, nicolae_shop_overgrown_old_shop,
          nicolae_shop_statue_plus, minivault_5
D:2:      layout_basic, basic_altar, minmay_misc_feat_x, grunt_decor_arrowhead,
          kennysheep_path_1, minmay_pentomino_o2
D:3:      layout_basic, fedhas_ov_isle_minmay
D:4:      layout_basic, minmay_temple_entry_arrows, minmay_shop_damaged,
          uniq_grinder, uniq_blork_the_orc
D:5:      layout_basic, kennysheep_slug_shrine, ebering_ghost_gozag,
          uniq_duvessa, uniq_ijyb
D:6:      layout_rooms, minmay_three_doors, uniq_edmund, uniq_maggie,
          uniq_sigmund
Temple:   eino_temple_scatter_basement

Skill      XL: |  1  2  3  4  5  6  7  8 |
---------------+-------------------------+-----
Conjurations   | 2 3 |  3.9
Spellcasting   | 5 6 |  6.4
Invocations    | 1 2 3 4 |  4.2
Fighting       | 1 2 3 |  3.8
Short Blades   | 1 2 3 |  3.8
Long Blades    | 1 2 3 |  3.8
Axes           | 1 2 3 |  3.8
Maces & Flails | 1 2 3 |  3.8
Polearms       | 1 2 3 |  3.8
Staves         | 1 2 3 |  3.8
Slings         | 1 2 3 |  3.8
Bows           | 1 2 3 |  3.8
Crossbows      | 1 2 3 |  3.8
Throwing       | 1 2 3 |  3.8
Armour         | 1 2 3 |  3.8
Shields        | 1 2 3 |  3.8
Unarmed Combat | 1 2 3 |  3.8
Evocations     | 1 2 3 |  3.8
Hexes          | 1 2 3 |  3.1
Summonings     | 1 2 3 |  3.1
Necromancy     | 1 2 3 |  3.1
Translocations | 1 2 3 |  3.1
Transmutations | 1 2 3 |  3.1
Ice Magic      | 1 2 3 |  3.1
Air Magic      | 1 2 3 |  3.1
Earth Magic    | 1 2 3 |  3.1
Poison Magic   | 1 2 3 |  3.1
Dodging        | 5 6 |  6.0
Stealth        | 5 |  5.7
Fire Magic     | 6 |  6.3

Action                   |  1- 3 |  4- 6 |  7- 9 || total
-------------------------+-------+-------+-------++-------
Melee: Falchion          |     1 |       |       ||     1
       Flail             |       |     4 |    31 ||    35
       Punch             |       |       |     1 ||     1
       Bite              |       |       |     1 ||     1
       Scimitar          |       |       |     3 ||     3
 Cast: Foxfire           |    47 |   108 |   168 ||   323
       Freeze            |       |     1 |    10 ||    11
       Frozen Ramparts   |       |     1 |       ||     1
  Use: Scroll            |       |     3 |     8 ||    11
       Potion            |       |       |     2 ||     2
 Stab: Sleeping          |     1 |       |       ||     1
Armor: Leather armour    |       |     2 |    16 ||    18
Dodge: Dodged            |     3 |     4 |    53 ||    60
       Rpst.: Scimitar   |       |       |     2 ||     2

Table legend: (Time is in decaauts)
 A = Elapsed time spent in this place.
 B = Non-inter-level travel time spent in this place.
 C = Inter-level travel time spent in this place.
 D = Time resting spent in this place.
 E = Time spent auto-exploring this place.
 F = Levels seen in this place.
 G = Mean time per level.
                   A        B        C        D        E       F      G
               +--------+--------+--------+--------+--------+-----+--------+
         Total |   6950 |   6772 |    178 |    644 |   5094 |   7 |  992.9 |
       Dungeon |   6761 |   6596 |    165 |    644 |   4938 |   6 | 1126.8 |
        Temple |    189 |    176 |     13 |      0 |    156 |   1 |  189.0 |
               +--------+--------+--------+--------+--------+-----+--------+

Top non-repeatable levels by time:
     D:2: 1489 daAuts
     D:4: 1330 daAuts
     D:5: 1285 daAuts
     D:3: 1209 daAuts
     D:1: 1051 daAuts
     D:6: 395 daAuts
  Temple: 189 daAuts
